Map: 勒瑞萊克山巔

Players

Sen

  • Race: Zerg Zerg
  • League: Master

FWHas (Has) - Winner!

  • Race: Protoss Protoss
  • League: Master

Event: 2016 WCS Winter Challenger Taiwan

VOD

Have the link to the VOD?

Description

Time

  • Played on: Jan. 16, 2016, 8:16 a.m.
  • Length: 8:15

All games in this series

Show
View Real Time Build Order
Export as new Build Order

Sen Zerg 

Build Orders: 3 Hatch before Pool 

Get SALT Encoding   

  12  0:00  Drone  
  13  0:08  Drone  
  14  0:16  Overlord  
  14  0:22  Extractor  
  14  0:23  Drone  
  15  0:35  Drone x2  
  17  0:44  Drone  
  18  0:55  Hatchery  
  17  0:58  Drone  
  18  1:10  Drone  
  19  1:21  Hatchery  
  18  1:33  Spawning Pool  
  18  1:36  Drone  
  18  1:38  Extractor  
  17  1:41  Drone  
  19  1:47  Drone  
  19  1:50  Drone  
  20  1:59  Drone  
  21  2:09  Drone  
  21  2:11  Overlord  
  22  2:20  Zergling x2  
  22  2:21  Queen  
  22  2:22  Queen  
  27  2:26  Drone  
  28  2:33  Queen  
  30  2:40  Metabolic Boost  
  30  2:42  Drone  
  31  2:44  Drone  
  31  2:48  Drone  
  33  2:52  Drone  
  33  2:54  Drone  
  36  2:58  Drone x2  
  36  3:05  Zergling x4  
  38  3:06  Zergling x2  
  35  3:15  Zergling x4  
  34  3:27  Drone  
  34  3:30  Drone x3  
  34  3:34  Drone  
  37  3:36  Drone x2  
  37  3:40  Drone x2  
  41  3:45  Overlord  
  41  3:52  Overlord  
  41  4:00  Overlord  
  41  4:04  Drone  
  41  4:05  Drone x4  
  41  4:07  Drone  
  41  4:08  Drone  
  41  4:09  Drone  
  48  4:12  Drone x2  
  48  4:15  Drone  
  49  4:17  Drone  
  49  4:22  Drone  
  49  4:24  Drone x2  
  53  4:26  Drone, Extractor  
  53  4:27  Extractor  
  52  4:31  Roach Warren  
  46  4:39  Drone  
  46  4:40  Drone x2  
  46  4:46  Spore Crawler  
  46  4:47  Spore Crawler  
  46  4:48  Drone  
  46  4:49  Drone, Spore Crawler  
  46  4:51  Drone  
  46  4:54  Drone  
  46  4:55  Drone  
  46  4:57  Drone  
  46  4:59  Drone  
  50  5:01  Drone  
  51  5:11  Roach x2  
  51  5:12  Roach x2  
  59  5:15  Zergling x2  
  59  5:16  Zergling x4  
  62  5:24  Overlord, Roach x2  
  66  5:31  Roach  
  66  5:34  Zergling x2  
  59  5:45  Drone  
  59  5:46  Drone x6  
  61  5:58  Roach x3  
  67  6:06  Drone x4  
  70  6:12  Overlord  
  70  6:13  Overlord  
  70  6:19  Overlord  
  70  6:26  Zergling x8  
  73  6:33  Ravager x3  
  73  6:34  Ravager x3  
  73  6:36  Zergling x6  
  73  6:37  Zergling x2  
  73  6:39  Overlord  
  83  6:42  Ravager  
  83  6:44  Zergling x10  
  89  6:47  Zergling x2  
  88  6:57  Zergling x6  
  88  6:58  Zergling x6  
  94  7:05  Zergling x6  
  93  7:12  Zergling x10  
  80  7:25  Zergling x12  
  79  7:38  Overlord  
  79  7:40  Zergling x2  
  79  7:41  Zergling x6  
  82  7:49  Drone x2  
  83  7:54  Drone  
  81  7:59  Drone x3  
  81  8:01  Drone x2  
  81  8:02  Drone  
  81  8:03  Drone x5  
  81  8:04  Extractor  
  90  8:07  Extractor  
Show
View Real Time Build Order
Export as new Build Order

FWHas Protoss - Winner!

Build Orders: Oracle Opening 

Get SALT Encoding   

  12  0:01  Probe (Chrono Boost)  
  13  0:11  Probe (Chrono Boost)  
  14  0:18  Pylon  
  14  0:22  Probe (Chrono Boost)  
  15  0:36  Probe (Chrono Boost), Gateway  
  16  0:47  Probe (Chrono Boost)  
  17  0:51  Assimilator  
  17  0:57  Probe (Chrono Boost)  
  17  1:03  Gateway  
  18  1:08  Probe (Chrono Boost)  
  19  1:18  Probe (Chrono Boost)  
  19  1:24  Cybernetics Core  
  20  1:28  Pylon  
  20  1:29  Probe (Chrono Boost)  
  21  1:53  Nexus  
  23  2:03  Adept (Chrono Boost)  
  23  2:05  Adept (Chrono Boost)  
  25  2:10  Assimilator  
  25  2:13  Probe  
  26  2:26  Probe  
  27  2:35  Stargate  
  27  2:38  Probe  
  27  2:39  Pylon  
  28  2:45  Adept (Chrono Boost)  
  28  2:50  Probe  
  31  2:52  Warp Gate  
  31  3:02  Probe  
  32  3:06  Probe  
  33  3:14  Probe  
  33  3:16  Probe  
  35  3:26  Probe  
  34  3:27  Probe  
  33  3:34  Oracle (Chrono Boost)  
  33  3:36  Mothership Core  
  33  3:38  Probe, Gateway  
  39  3:44  Gateway  
  39  3:50  Probe, Pylon  
  40  3:56  Probe, Adept  
  40  4:00  Adept  
  46  4:02  Probe  
  46  4:07  Probe  
  45  4:14  Probe  
  45  4:15  Oracle (Chrono Boost)  
  49  4:17  Probe  
  50  4:27  Probe  
  50  4:28  Probe  
  50  4:30  Pylon  
  52  4:38  Probe  
  52  4:39  Probe  
  54  4:49  Probe, Robotics Facility  
  54  4:51  Probe  
  54  4:52  Pylon  
  56  4:55  Adept x3  
  56  4:57  Adept  
  56  4:59  Probe  
  64  5:05  Pylon  
  65  5:10  Probe  
  66  5:19  Probe  
  67  5:22  Probe  
  67  5:28  Nexus  
  68  5:29  Probe  
  68  5:34  Probe  
  68  5:40  Probe  
  69  5:46  Probe  
  67  5:50  Probe  
  64  5:58  Probe, Sentry x2, Immortal (Chrono Boost), Assimilator  
  64  5:59  Assimilator  
  69  6:04  Probe  
  69  6:09  Pylon  
  66  6:11  Pylon  
  66  6:12  Twilight Council  
  66  6:21  Probe x2  
  66  6:23  Adept x4  
  76  6:30  Forge  
  75  6:34  Gateway  
  75  6:36  Gateway  
  75  6:37  Gateway  
  75  6:41  Probe  
  75  6:42  Probe  
  75  6:43  Probe  
  82  6:48  Immortal (Chrono Boost)  
  82  6:54  Stalker x2, Sentry  
  82  6:59  Zealot  
  88  7:05  Probe x2  
  81  7:09  Probe  
  75  7:17  Probe x2  
  75  7:19  Probe  
  75  7:20  Zealot x2  
  75  7:21  Zealot x2  
  82  7:29  Probe x2  
  84  7:31  Immortal (Chrono Boost)  
  84  7:34  Probe  
  89  7:43  Probe  
  92  7:50  Sentry x2  
  95  7:51  Stalker  
  95  7:52  Stalker x2  
  95  7:53  Probe  
  100  8:00  Stalker  
  100  8:01  Probe  
  100  8:03  Probe  
Tags
 
Add a new tag
Caveats
  • Supply blocks, unpowered buildings, or Contaminate may cause inaccurate times.
  • Supply counts are checked every 10 seconds.